 Dungeon Crawl Stone Soup version 0.31-a0-845-g9abc20d24f (webtiles) character file.

Game seed: 5915288851527781081

9851 Fodor the Basher (level 11, -8/97 HPs)
             Began as a Minotaur Fighter on Oct 1, 2023.
             Was an Initiate of Gozag.
             Mangled by a naga
             ... wielding a +0 scimitar
              (20 damage)
             ... on level 2 of the Lair of Beasts.
             The game lasted 00:58:47 (9774 turns).

Fodor the Basher (Minotaur Fighter)                 Turns: 9774, Time: 00:58:48

Health: -8/97      AC: 22    Str: 27    XL:     11   Next: 28%
Magic:  10/10      EV:  9    Int:  5    God:    Gozag
Gold:   818        SH:  6    Dex: 17    Spells: 10/10 levels left

rFire   . . .        h - +2 morningstar
rCold   . . .        c - +0 buckler
rNeg    + . .        I - +2 plate armour
rPois   +            (helmet restricted)
rElec   +            p - +2 cloak
rCorr   .            (no gloves)
SInv    .            o - +0 pair of boots
Will    .....        (no amulet) Stlth
                     a - ring of positive energy
HPRegen 0.36/turn    z - ring "Ewinlule" {*Slow rElec rPois Str+3 Dex+6}
MPRegen 0.12/turn

%: slow self (1%)
@: gold aura
A: horns 2, retaliatory headbutt
a: Renounce Religion, Potion Petition, Call Merchant, Bribe Branch


You were on level 2 of the Lair of Beasts.
You worshipped Gozag.
Gozag was pleased with you.
You visited 3 branches of the dungeon, and saw 13 of its levels.

You collected 1410 gold pieces.
You spent 378 gold pieces at shops.
You paid 214 gold pieces to Gozag.

Inventory:

Hand Weapons
 h - a +2 morningstar (weapon)
 B - the +7 Throatcutter {drain, coup de grace}
   (You found it on level 4 of the Dungeon)
 C - a +0 battleaxe
Missiles
 i - 4 poisoned darts
 k - 5 throwing nets
 l - 5 boomerangs (quivered)
 A - 4 javelins
Armour
 b - a +0 pair of gloves
 c - a +0 buckler (worn)
 o - a +0 pair of boots (worn)
 p - a +2 cloak (worn)
 I - a +2 plate armour (worn)
Jewellery
 a - a ring of positive energy (left hand)
 z - the ring "Ewinlule" (right hand) {*Slow rElec rPois Str+3 Dex+6}
   (You found it on level 3 of the Dungeon)

   [ring of dexterity]

   Str+3:     It affects your strength (+3).
   Dex+6:     It affects your dexterity (+6).
   rElec:     It insulates you from electricity.
   rPois:     It protects you from poison *Slow: It may slow you when you take
   damage.
 G - a ring of see invisible
Talismans
 f - a serpent talisman
 D - a beast talisman
 H - a blade talisman
Scrolls
 e - 3 scrolls of fog
 q - a scroll of fear
 r - 3 scrolls of immolation
 t - 5 scrolls of teleportation
 v - a scroll of blinking
 x - 2 scrolls of revelation
 y - a scroll of vulnerability
 E - a scroll of torment
 F - a scroll of acquirement
Potions
 d - 4 potions of might
 j - 2 potions of enlightenment
 m - a potion of experience {unknown}
 n - 3 potions of attraction {unknown}
 s - 3 potions of mutation {unknown}
 u - 3 potions of lignification
 w - a potion of ambrosia {unknown}
 J - a potion of brilliance {unknown}
 L - 2 potions of berserk rage


   Skills:
 + Level 9.3 Fighting
 + Level 2.7 Long Blades
 + Level 12.5 Maces & Flails
 + Level 4.5 Throwing
 + Level 11.5 Armour
 + Level 2.8 Dodging
 + Level 2.2 Stealth
 + Level 7.6 Shields


You had 10 spell levels left.
You didn't know any spells.
Your spell library contained the following spells:

 Spells                   Type           Power      Damage    Failure   Level
 Scorch                   Fire           0%         2d5       100%        2
 Sublimation of Blood     Necr           0%         N/A       100%        2
 Wereblood                Tmut           0%         N/A       100%        2
 Call Canine Familiar     Summ           0%         N/A       100%        3
 Sigil of Binding         Hex            0%         N/A       100%        3
 Anguish                  Hex/Necr       0%         N/A       100%        4
 Cause Fear               Hex            0%         N/A       100%        4
 Dimensional Bullseye     Hex/Tloc       0%         N/A       100%        4
 Flame Wave               Conj/Fire      0%         2d4       100%        4
 Leda's Liquefaction      Hex/Erth       0%         N/A       100%        4
 Vhi's Electric Charge    Tloc/Air       0%         N/A       100%        4
 Arcjolt                  Conj/Air       0%         1d10      100%        5
 Irradiate                Conj/Tmut      0%         3d11      100%        5
 Summon Cactus Giant      Summ           0%         N/A       100%        6
 Enfeeble                 Hex            0%         N/A       100%        7
 Summon Hydra             Summ           0%         N/A       100%        7
 Maxwell's Capacitive Co  Air            0%         ∞         100%        8


Dungeon Overview and Level Annotations

Branches:
Dungeon (10/15)            Temple (1/1) D:5            Lair (2/5) D:8
  Snake (0/4) Lair:2
  Swamp: Lair:2-3    Shoals: Lair:2-3       Orc: D:9-12

Altars:
Ashenzari
Cheibriados
Dithmenos
Elyvilon
Fedhas
Gozag
Hepliaklqana
Kikubaaqudgha
Makhleb
Nemelex Xobeh
Okawaru
Qazlal
Ru
Sif Muna
Trog
Vehumet
Wu Jian
Xom
Yredelemnul
Zin
The Shining One

Shops:
D:3 !   D:5 [


Innate Abilities, Weirdness & Mutations

You have a pair of horns on your head.
You reflexively headbutt those who attack you in melee.


Message History

You hit the naga but do no damage. Your headbutt misses the naga.
You block the naga's attack. The naga grabs you. The naga constricts you.
The naga barely misses you.
You puncture the naga!
You headbutt the naga, but do no damage.
The naga is heavily wounded.
The naga hits you from afar with a +2 halberd of protection!!
The naga hits you but does no damage. The naga constricts you.
The naga hits you but does no damage. x2
You closely miss the naga.
The naga is heavily wounded.
You block the naga's attack.
The naga hits you with a +0 short sword!
The naga constricts you.
You puncture the naga!
You kill the naga!
The naga barely misses you. The naga hits you with a +0 dire flail!
The naga completely misses you. The naga hits you but does no damage.
The naga spits poison at you.
The splash of poison hits you but does no damage.
You resist. The naga hits you with a +0 halberd! You block the naga's attack.
The naga closely misses you. The naga barely misses you.
You block the naga's attack. The naga grabs you. The naga constricts you.
Things that are here:
12 gold pieces; a +0 short sword You closely miss the naga.
You headbutt the naga, but do no damage.
The naga is severely wounded.
The naga hits you with a +0 scimitar! The naga spits poison at you.
The splash of poison hits you but does no damage.
You resist. The naga hits you but does no damage.
The naga hits you with a +2 halberd of protection!!
* * * LOW HITPOINT WARNING * * *
The naga constricts you.
You sock the naga!
You kill the naga!
The naga hits you with a +0 scimitar!!
You die...
Your body crumbles into a pile of gold.

####.............## #
##...........###. #. #
#P...........##.........
##.........#.#...#.>.#..
#........#..#..........
#.......#..##.#.#.#...#
######(....##........#
##..#.##N#.#...#
#.#.#.##@$....#
##.#....NN...##
##...######## ##.#.# ...
## ...#. ....#.. .... ..
... ..#


You could see 3 nagas.

Vanquished Creatures
  A manticore (D:9)
  2 black mambas
  A cane toad (Lair:1)
  A kobold demonologist (D:7)
  A rime drake (Lair:1)
  3 komodo dragons (Lair:1)
  A polar bear (Lair:1)
  Grinder (D:3)
  Sigmund (D:3)
  13 yaks
  A wyvern (D:8)
  Eustachio (D:4)
  2 nagas (Lair:2)
  3 water moccasins
  2 sky beasts (D:7)
  3 ice beasts
  2 black bears
  6 wolves (Lair:2)
  2 ogres
  A centaur (D:7)
  A kobold brigand (D:7)
  2 phantoms (D:6)
  11 bullfrogs
  A scorpion (D:5)
  A gnoll sergeant (D:9)
  4 wights (D:7)
  11 killer bees
  A howler monkey (D:9)
  4 hounds
  4 orc priests
  A gnoll bouda (D:9)
  9 orc wizards
  2 sleepcaps (D:5)
  Terence (D:3)
  4 iguanas
  A statue (D:4)
  12 gnolls
  4 adders
  A shadow imp (D:8)
  A white imp (D:6)
  An ufetubus (D:5)
  2 worms
  2 dart slugs (D:1)
  42 orcs
  4 endoplasms
  2 giant cockroaches (D:4)
  5 goblins
  3 hobgoblins
  11 jackals
  10 kobolds
  3 quokkas
  11 ball pythons
  6 bats
  A frilled lizard (D:1)
  3 rats
230 creatures vanquished.

Notes
Turn   | Place    | Note
-------+----------+-------------------------------------------
     0 | D:1      | Fodor the Minotaur Fighter began the quest for the Orb.
     0 | D:1      | Reached XP level 1. HP: 19/19 MP: 0/0
   279 | D:1      | Reached XP level 2. HP: 27/27 MP: 1/1
   391 | D:1      | Found a faded altar of an unknown god.
   490 | D:1      | Reached XP level 3. HP: 33/33 MP: 2/2
  1180 | D:3      | Noticed Sigmund
  1180 | D:3      | Found Iduhanev's Distillery.
  1187 | D:3      | Killed Sigmund
  1188 | D:3      | Reached skill level 3 in Maces & Flails
  1188 | D:3      | Reached skill level 5 in Armour
  1188 | D:3      | Reached skill level 1 in Dodging
  1188 | D:3      | Reached XP level 4. HP: 25/41 MP: 3/3
  1188 | D:3      | Reached XP level 5. HP: 29/47 MP: 4/4
  1501 | D:3      | Found a stormy altar of Qazlal.
  1508 | D:3      | Identified the ring "Ewinlule" {*Slow rElec rPois Str+3
                  | Dex+6}
  1539 | D:3      | Found a sacrificial altar of Ru.
  1619 | D:3      | Found a blossoming altar of Fedhas.
  1622 | D:3      | Noticed Grinder
  1624 | D:3      | Paralysed by Grinder for 5 turns
  1639 | D:3      | Killed Grinder
  1640 | D:3      | Reached skill level 4 in Maces & Flails
  1640 | D:3      | Reached XP level 6. HP: 37/55 MP: 5/5
  1834 | D:3      | Reached skill level 5 in Maces & Flails
  1886 | D:3      | Noticed Terence
  1892 | D:3      | Killed Terence
  1940 | D:3      | Found a white marble altar of Elyvilon.
  2384 | D:4      | Reached skill level 5 in Fighting
  2525 | D:4      | Upgraded the game from 0.31-a0-844-gdc52ec4e09 to
                  | 0.31-a0-845-g9abc20d24f
  2540 | D:4      | Reached XP level 7. HP: 61/61 MP: 6/6
  2563 | D:4      | Found the +7 Throatcutter {drain, coup de grace}
  2579 | D:4      | Found a bloodstained altar of Trog.
  2701 | D:4      | Noticed Eustachio
  2707 | D:4      | Reached skill level 1 in Throwing
  2711 | D:4      | Killed Eustachio
  2712 | D:4      | Reached skill level 6 in Maces & Flails
  2712 | D:4      | Reached skill level 5 in Shields
  2809 | D:4      | Found a sparkling altar of Nemelex Xobeh.
  2932 | D:4      | Found a radiant altar of Vehumet.
  3121 | D:5      | Entered Level 5 of the Dungeon
  3155 | D:5      | Found a staircase to the Ecumenical Temple.
  3357 | Temple   | Entered the Ecumenical Temple
  3482 | D:5      | Reached XP level 8. HP: 69/69 MP: 7/7
  3546 | D:5      | Reached skill level 1 in Stealth
  3716 | D:5      | Reached skill level 7 in Maces & Flails
  3872 | D:5      | Found Ejosk's Armour Shoppe.
  5259 | D:7      | Reached skill level 8 in Maces & Flails
  5267 | D:7      | Reached XP level 9. HP: 28/74 MP: 8/8
  5545 | D:7      | Noticed a kobold demonologist
  5561 | D:7      | Killed a kobold demonologist
  5752 | D:7      | Found an iron altar of Okawaru.
  5847 | D:7      | Reached skill level 9 in Maces & Flails
  6141 | D:7      | Found a shimmering altar of Xom.
  6148 | D:7      | Found a shimmering altar of Xom.
  6149 | D:7      | Found a shimmering altar of Xom.
  6149 | D:7      | Found a shimmering altar of Xom.
  6150 | D:7      | Found a shimmering altar of Xom.
  6167 | D:7      | Found a shimmering altar of Xom.
  6167 | D:7      | Found a shimmering altar of Xom.
  6301 | D:7      | Reached skill level 10 in Maces & Flails
  6862 | D:8      | You fall into a shaft and drop 2 floors!
  6862 | D:10     | Entered Level 10 of the Dungeon
  7048 | D:9      | Reached XP level 10. HP: 40/86 MP: 9/9
  7097 | D:9      | Found an ancient bone altar of Kikubaaqudgha.
  7134 | D:9      | Noticed a manticore
  7147 | D:9      | Killed a manticore
  7148 | D:9      | Reached skill level 10 in Armour
  7421 | D:9      | Found an opulent altar of Gozag.
  7421 | D:9      | Found a shadowy altar of Dithmenos.
  7425 | D:9      | Became a worshipper of Gozag Ym Sagoz the Greedy
  7695 | D:8      | Found a staircase to the Lair.
  8080 | Lair:1   | Entered Level 1 of the Lair of Beasts
  8080 | Lair:1   | Noticed a black mamba
  8086 | Lair:1   | Killed a black mamba
  8087 | Lair:1   | Reached skill level 11 in Maces & Flails
  8342 | D:3      | Bought a potion of might for 56 gold pieces
  8342 | D:3      | Bought a potion of curing for 42 gold pieces
  8342 | D:3      | Bought a potion of might for 56 gold pieces
  8342 | D:3      | Bought a potion of enlightenment for 70 gold pieces
  8342 | D:3      | Bought a potion of berserk rage for 70 gold pieces
  8342 | D:3      | Bought a potion of lignification for 42 gold pieces
  8342 | D:3      | Bought a potion of curing for 42 gold pieces
  8568 | Lair:1   | Noticed a cane toad
  8574 | Lair:1   | Killed a cane toad
  8698 | Lair:1   | Identified 2 scrolls of acquirement
  8734 | Lair:1   | Acquired 294 gold pieces
  8918 | Lair:1   | HP: 4/90 [rime drake/icy flash freeze (12)]
  9329 | Lair:1   | Reached XP level 11. HP: 80/95 MP: 10/10
  9602 | Lair:2   | Reached skill level 12 in Maces & Flails
  9757 | Lair:2   | Found a staircase to the Snake Pit.
  9774 | Lair:2   | Mangled by a naga

Illustrated notes

Levels and vault maps discovered:
D:1:      tarquinn_simple_flora_water_a, layout_loops_ring,
          hellmonk_ecumenical_altar_dog_temple, chequers_serial_rivers_small_a
D:2:      layout_basic
D:3:      layout_loops_ring, mainiacjoe_overflow_catwalk,
          nicolae_overflow_crystal_walls, nicolae_overflow_hidden_temple,
          mainiacjoe_overflow_paths, serial_shops, shop,
          uniq_crazy_yiuf_cottage, uniq_sigmund, uniq_grinder, uniq_terence
D:4:      layout_cave_pools, trog_antimagical, mainiacjoe_overflow_brackets,
          vehumet_statue, uniq_eustachio
D:5:      layout_basic, minmay_temple_entry_proselytizer, serial_shops, shop,
          nicolae_figureground_pulse
D:6:      layout_cave_pods
D:7:      layout_basic, nicolae_xom_altar_mimics, kennysheep_okawaru_gauntlet,
          abandoned_shop
D:8:      layout_basic, lair_entry_dummy
D:9:      layout_basic, marbit_many_paths, gammafunk_temple_overflow_elements
D:10:     minmay_weird_star, layout_small_grid, nicolae_uskayaw_dance_hall,
          david_orc_2, uniq_maggie
Temple:   nicolae_temple_figure_zero
Lair:1:   layout_concentric_octagons, cheibrodos_lair_reptile_den,
          lemuel_fruit_tree, lemuel_fruit_fields
Lair:2:   layout_cave_pods, minmay_snake_entry_guardpost_large,
          portal_ice_cave_entry_ice_simulacra, grunt_megastairs_4

Skill      XL: |  1  2  3  4  5  6  7  8  9 10 11 |
---------------+----------------------------------+-----
Fighting       | 4 5 6 7 8 9 |  9.3
Armour         | 4 5 6 8 9 11 | 11.5
Shields        | 4 5 6 7 |  7.6
Maces & Flails | 3 4 5 6 8 10 11 12 | 12.5
Dodging        | 1 2 |  2.8
Throwing       | 1 2 3 4 |  4.5
Stealth        | 1 2 |  2.2
Long Blades    | |  2.7

Action                     |  1- 3 |  4- 6 |  7- 9 | 10-12 || total
---------------------------+-------+-------+-------+-------++-------
  Melee: Long sword        |     6 |       |       |       ||     6
         Morningstar       |    55 |    54 |   337 |   167 ||   613
         Headbutt          |     7 |    11 |    56 |    39 ||   113
  Throw: Boomerang         |       |    11 |    42 |    23 ||    76
    Use: Potion            |       |       |     9 |     5 ||    14
         Scroll            |       |       |    12 |    10 ||    22
   Stab: Distracted        |       |       |       |     2 ||     2
 Armour: Scale mail        |    59 |    14 |       |       ||    73
         Chain mail        |       |    45 |   387 |       ||   432
         Plate armour      |       |       |    72 |   223 ||   295
  Dodge: Dodged            |    47 |    22 |   189 |   104 ||   362
  Block: Buckler           |    18 |    15 |   108 |    90 ||   231

Table legend: (Time is in decaauts)
 A = Elapsed time spent in this place.
 B = Non-inter-level travel time spent in this place.
 C = Inter-level travel time spent in this place.
 D = Time resting spent in this place.
 E = Time spent auto-exploring this place.
 F = Levels seen in this place.
 G = Mean time per level.
                   A        B        C        D        E       F      G
               +--------+--------+--------+--------+--------+-----+--------+
         Total |   9878 |   9164 |    714 |   1559 |      0 |  13 |  759.8 |
       Dungeon |   8498 |   7885 |    613 |   1331 |      0 |  10 |  849.8 |
        Temple |     48 |     48 |      0 |      0 |      0 |   1 |   48.0 |
          Lair |   1331 |   1231 |    100 |    228 |      0 |   2 |  665.5 |
               +--------+--------+--------+--------+--------+-----+--------+

Top non-repeatable levels by time:
     D:5: 1365 daAuts
     D:7: 1339 daAuts
     D:3: 1209 daAuts
  Lair:1: 1137 daAuts
     D:8: 1049 daAuts
     D:1: 818 daAuts
     D:4: 813 daAuts
     D:6: 769 daAuts
     D:2: 522 daAuts
     D:9: 447 daAuts
  Lair:2: 194 daAuts
    D:10: 163 daAuts
  Temple: 48 daAuts
